 Dungeon Crawl Stone Soup version 0.30.1-11-g7821555f0a (webtiles) character file.

Game seed: 12036468498077137018

103 ChrisAssaf the Magician (level 5, -3/37 HPs)
             Began as a Djinni Earth Elementalist on Jan 6, 2024.
             Slain by Pikel
             ... wielding a +2 whip of electrocution
              (5 damage)
             ... on level 3 of the Dungeon.
             The game lasted 00:07:38 (1221 turns).

ChrisAssaf the Magician (Djinni Earth Elementalist) Turns: 1221, Time: 00:07:39

Health: -3/37      AC:  2    Str: 13    XL:     5   Next: 6%
Gold:   81         EV: 12    Int: 18    God:
                   SH:  0    Dex: 14

rFire   + + .        f - +0 short sword
rCold   x . .        (no shield)
rNeg    . . .        a - +0 robe
rPois   ∞            (no helmet)
rElec   .            (no cloak)
rCorr   .            (no gloves)
SInv    .            (boots unavailable)
Will    .....        m - amulet of faith
Stlth   ++           d - +6 ring of strength
HPRegen 0.26/turn    (no ring)
MPRegen 0.00/turn

%: faith, infuse magic (-4 HP)
@: flying, invisible
A: sickness immunity, fire resistance 2, cold vulnerability 1, float, innate
caster, HP casting, extra vitality 1
a: no special abilities


You were on level 3 of the Dungeon.
You visited 1 branch of the dungeon, and saw 4 of its levels.

You collected 81 gold pieces.

Inventory:

Hand Weapons
 f - a +0 short sword (weapon)
Armour
 a - a +0 robe (worn)
Jewellery
 d - a +6 ring of strength (left hand)
 m - an amulet of faith (around neck)
Scrolls
 b - a scroll of blinking {unknown}
 e - a scroll of immolation {unknown}
 n - a scroll of fog {unknown}
Potions
 c - a potion of degeneration
 g - a potion of curing {unknown}
 i - a potion of cancellation {unknown}
 j - a potion of haste {unknown}


   Skills:
 * Level 1.1 Fighting
 * Level 0.5 Short Blades
 * Level 0.9 Armour
 * Level 2.6 Dodging
 * Level 2.0 Stealth
 * Level 3.4 Spellcasting
 * Level 0.2 Evocations


You knew the following spells:

 Your Spells              Type           Power      Damage    Failure   Level
a - Sandblast             Erth           30%        2d9       3%          1
b - Passwall              Tmut/Erth      12%        N/A       6%          2
c - Stone Arrow           Conj/Erth      30%        3d8       12%         3
d - Petrify               Tmut/Erth      15%        N/A       36%         4
e - Slow                  Hex            60%        N/A       3%          1
f - Lesser Beckoning      Tloc           30%        N/A       6%          2
Your spell library was empty.

Dungeon Overview and Level Annotations

Branches:
Dungeon (4/15)
 Temple: D:4-7

Altars:

Annotations:
D:3 Pikel


Innate Abilities, Weirdness & Mutations

You are immune to sickness and miasma.
You are immune to poison.
Your flesh is very heat resistant. (rF++)
You are vulnerable to cold. (rC-)
You float through the air rather than walking.
You learn spells naturally, not from books.
Your magical power is your life essence.
You have superior vitality. (+4 MHP)


Message History

Confirm with . or Enter, or press ? or * to list all spells.
Aiming: Stone Arrow (dangerous; 12% risk of failure)
Press: ? - help, Shift-Dir - straight line, f/p - lemure
Aim: a lemure (heavily wounded, 60% to hit)
The stone arrow misses the lemure.
The lemure misses you.
Unknown command.
Casting: Stone Arrow (dangerous; 12% risk of failure)
Confirm with . or Enter, or press ? or * to list all spells.
Aiming: Stone Arrow (dangerous; 12% risk of failure)
Press: ? - help, Shift-Dir - straight line, f/p - lemure
Aim: a lemure (heavily wounded, 60% to hit)
The stone arrow hits the lemure!
The lemure is almost dead.
The lemure barely misses you.
Unknown command.
Casting: Stone Arrow (dangerous; 12% risk of failure)
Confirm with . or Enter, or press ? or * to list all spells.
Aiming: Sandblast (safe; 3% risk of failure)
Press: ? - help, Shift-Dir - straight line, f/p - lemure
Aim: a lemure (almost dead, 77% to hit)
The blast of sand hits the lemure but does no damage.
The lemure is almost dead.
The lemure hits you.
Unknown command.
Casting: Sandblast (safe; 3% risk of failure)
Confirm with . or Enter, or press ? or * to list all spells.
Aiming: Sandblast (safe; 3% risk of failure)
Press: ? - help, Shift-Dir - straight line, f/p - lemure
Aim: a lemure (almost dead, 77% to hit)
The blast of sand hits the lemure.
You kill the lemure!
That felt strangely unrewarding.
Pikel misses you.
Unknown command.
Pikel hits you with a +2 whip of electrocution!
* * * LOW HITPOINT WARNING * * *
You fly upwards.
There is a stone staircase leading down here.
You fade into invisibility!
Pikel hits you with a +2 whip of electrocution.
You die...

#.......#
#####.......#
######..##.......#
##.......##......#
...........†.....##
..###.....#.......#
......##.##.......#
########........K.#
####.....@####
#..)..[....#
#..........# #
#..........#
##########..........#
....................#
.#########..........#
.# #..........# .#
#..........#


You could see Pikel (unable to see you).

Vanquished Creatures
  2 lemures
  An orc priest (D:4)
  3 adders
  3 dart slugs
  2 orcs
  5 ball pythons
  2 endoplasms (D:2)
  3 giant cockroaches
  4 goblins
  4 hobgoblins
  4 kobolds (D:2)
  4 bats
  3 frilled lizards
  4 rats
44 creatures vanquished.

Notes
Turn   | Place    | Note
-------+----------+-------------------------------------------
     0 | D:1      | ChrisAssaf the Djinni Earth Elementalist began the quest
                  | for the Orb.
     0 | D:1      | ChrisAssaf set off with the following spells memorised:
                  | Sandblast, Passwall, Stone Arrow, Petrify.
     0 | D:1      | Reached XP level 1. HP: 15/15 MP: 0/0
    79 | D:1      | Reached XP level 2. HP: 15/21 MP: 0/0
   283 | D:2      | Reached XP level 3. HP: 19/26 MP: 0/0
   283 | D:2      | Learned a level 1 spell: Slow
   583 | D:3      | Reached skill level 3 in Spellcasting
   802 | D:3      | Reached XP level 4. HP: 30/31 MP: 0/0
   803 | D:3      | Reached skill level 1 in Fighting
   830 | D:4      | Noticed Pikel
   830 | D:4      | Noticed a lemure
   830 | D:4      | Noticed a lemure
   830 | D:4      | Noticed a lemure
   831 | D:4      | Noticed a lemure
   930 | D:4      | Reached XP level 5. HP: 12/37 MP: 0/0
   930 | D:4      | Learned a level 2 spell: Lesser Beckoning
  1119 | D:3      | Killed a lemure
  1218 | D:4      | Killed a lemure
  1221 | D:3      | Slain by Pikel

Illustrated notes

Levels and vault maps discovered:
D:1:      grunt_arrival_crossed_arrows, layout_loops_ring,
          hellmonk_ecumenical_altar_lost_god, dreamdust_mushroom_princess,
          hangedman_decor_points, minmay_shallow_snake_nest
D:2:      layout_rooms, basic_altar
D:3:      layout_rooms, kennysheep_pointless_box
D:4:      kennysheep_big_flooded_room, layout_basic,
          minmay_temple_entry_proselytizer, st_stairs_7, minmay_cupped,
          uniq_pikel

Skill      XL: |  1  2  3  4 |
---------------+-------------+-----
Spellcasting   | 3 |  3.4
Stealth        | 2 |  2.0
Fighting       | 1 |  1.1
Short Blades   | |  0.5
Armour         | |  0.9
Dodging        | |  2.6
Evocations     | |  0.2

Action                     |  1- 3 |  4- 6 || total
---------------------------+-------+-------++-------
  Melee: Short sword       |    14 |    11 ||    25
         Dagger            |     6 |       ||     6
   Cast: Sandblast         |    47 |    11 ||    58
         Stone Arrow       |     1 |     5 ||     6
  Evoke: Wand              |       |     3 ||     3
    Use: Scroll            |     2 |     1 ||     3
         Potion            |       |     3 ||     3
   Stab: Sleeping          |     1 |       ||     1
         Invisible         |       |     1 ||     1
 Armour: Robe              |     5 |       ||     5
  Dodge: Dodged            |    40 |    16 ||    56
